 Dungeon Crawl Stone Soup version 0.23-a0-577-g2b1de94 (console) character file.

164 Duffy the Magician (level 5, 0/42 HPs)
             Began as a Deep Elf Fire Elementalist on Dec 15, 2018.
             Was a Follower of Vehumet.
             Succumbed to an orc's poison
             ... on level 3 of the Dungeon.
             The game lasted 00:03:18 (2339 turns).

Duffy the Magician (Deep Elf Fire Elementalist)     Turns: 2339, Time: 00:03:19

Health: 0/42       AC: 22    Str:  5    XL:     5   Next: 21%
Magic:  21/28      EV:  2    Int: 28    God:    Vehumet [*.....]
Gold:   156        SH:  0    Dex: 15    Spells: 2/12 levels left

rFire    . . .     SeeInvis .   k - staff of power {!a}
rCold    . . .     Gourm    .   (no shield)
rNeg     + + +     Faith    .   (armour currently unavailable)
rPois    +         Spirit   .   (helmet currently unavailable)
rElec    .         Reflect  .   (cloak currently unavailable)
rCorr    .         Harm     .   (gloves currently unavailable)
MR       .....     NoTele   +   (boots currently unavailable)
Stlth    ++........             (no amulet)
HPRegen  0.14/turn              (no ring)
MPRegen  0.21/turn              (no ring)

@: brilliant, lethally poisoned (0 -> -9), tree-form
A: repulsion field 1, clever 1, MP-powered wands
a: Renounce Religion


You were on level 3 of the Dungeon.
You worshipped Vehumet.
Vehumet was aware of your devotion.
You were not hungry.
You were a tree.
You visited 1 branch of the dungeon, and saw 3 of its levels.

You collected 156 gold pieces.

Inventory:

Armour
 a - a +0 robe (melded)
 l - a +0 pair of gloves (melded)
Magical Staves
 k - an uncursed staff of power (weapon) {!a}
Scrolls
 d - 3 scrolls of fog {unknown}
 f - a scroll of immolation {unknown}
 g - a scroll of random uselessness {unknown}
 h - 2 scrolls of remove curse {unknown}
 j - a scroll of fear {unknown}
 m - a scroll of blinking {unknown}
Comestibles
 b - 8 chunks of flesh
 c - 5 rations


   Skills:
 - Level 2.4 Dodging
 - Level 2.4 Stealth
 + Level 4.3 Spellcasting
 + Level 4.2 Conjurations
 + Level 4.2 Fire Magic


You had 2 spell levels left.
You knew the following spells:

 Your Spells              Type           Power        Failure   Level  Hunger
h - Flame Tongue          Conj/Fire      #####        1%          1    None
j - Sticky Flame          Conj/Fire      #####...     1%          4    ####...
l - Conjure Flame         Conj/Fire      #####...     1%          3    ##.....
n - Throw Flame           Conj/Fire      #####.       1%          2    None

Your spell library contained the following spells:

 Spells                   Type           Power        Failure   Level  Hunger
 Shock                    Conj/Air       ####         1%          1    None
 Inner Flame              Hex/Fire       ####....     1%          3    ##.....
 Fireball                 Conj/Fire      #####.....   4%          5    #####..


Dungeon Overview and Level Annotations

Branches:
Dungeon (3/15)

Altars:
Cheibriados
Gozag
Vehumet
Yredelemnul


Innate Abilities, Weirdness & Mutations

You are surrounded by a mild repulsion field. (EV +2)
Your mind is acute. (Int +2)
You expend magic power (3 MP) to strengthen your wands.


Message History

You feel sick.
It was a potion of flight.
You feel very buoyant.
You fly up into the air.
You feel sick.
It was a potion of mutation.
You feel extremely strange.
You feel your magical essence link to your wands.
You begin to radiate repulsive energy.
You feel clever.
You feel sick.
It was a potion of lignification.
You turn into a tree.
Your +0 pair of gloves melds into your body.
Your +0 robe melds into your body.
Your roots penetrate the ground.
You feel sick.
There is a lethal amount of poison in your body!
Wield which item (- for none, * to show all)? (? for menu, Esc to quit)
Okay, then.
You swing at nothing.
You feel sick.
You swing at nothing.
You feel sick.
You swing at nothing.
You feel sick.
You swing at nothing.
You die...

....##########..(....#......#..#
.%#)# #..#.########..#..# .##<#
#.#.## #..#..###. )##)# #..##
#......... ..#.# #..#
#######.....#### ..#.# #..#
#.............# ..#.# #..##
#.#####...#.#.# ....#
##.#.###.#####.....#.# #####
#.###7)............# #
##.#.###..........##
#..####%#####.#..#
#.......###......#
####...o.......#.#.##
........##.##..#.#.#
####..#o##.......[..
#..#%##..#.. .# ## #...0##..# .#


There were no monsters in sight!

Vanquished Creatures
  An orc wizard (D:3)
  A gnoll (D:1)
  4 adders
  An ooze (D:1)
  2 worms
  3 dart slugs
  A leopard gecko (D:1)
  7 orcs (D:3)
  A ball python (D:1)
  10 bats
  2 giant cockroaches
  6 goblins
  7 hobgoblins
  7 kobolds
  2 quokkas (D:2)
  3 frilled lizards (D:2)
  11 rats
69 creatures vanquished.

Notes
Turn   | Place    | Note
-------+----------+-------------------------------------------
     0 | D:1      | Duffy the Deep Elf Fire Elementalist began the quest for
                  | the Orb.
     0 | D:1      | Reached XP level 1. HP: 10/10 MP: 6/6
    70 | D:1      | Reached XP level 2. HP: 15/15 MP: 1/8
   532 | D:1      | Reached XP level 3. HP: 18/19 MP: 3/9
   537 | D:1      | Learned a level 3 spell: Conjure Flame
   640 | D:1      | Learned a level 2 spell: Throw Flame
  1285 | D:2      | Found an opulent altar of Gozag.
  1286 | D:2      | Found a basalt altar of Yredelemnul.
  1286 | D:2      | Found a snail-covered altar of Cheibriados.
  1333 | D:2      | Reached XP level 4. HP: 24/24 MP: 6/11
  1339 | D:2      | Learned a level 4 spell: Sticky Flame
  1391 | D:2      | Found a radiant altar of Vehumet.
  1398 | D:2      | Became a worshipper of Vehumet
  1938 | D:3      | Found a faded altar of an unknown god.
  2140 | D:3      | Reached * piety under Vehumet
  2140 | D:3      | Offered knowledge of Shock by Vehumet.
  2329 | D:3      | Reached XP level 5. HP: 21/28 MP: 13/13
  2334 | D:3      | Gained mutation: You expend magic power (3 MP) to
                  | strengthen your wands. [potion of mutation]
  2334 | D:3      | Gained mutation: You are surrounded by a mild repulsion
                  | field. (EV +2) [potion of mutation]
  2334 | D:3      | Gained mutation: Your mind is acute. (Int +2) [potion of
                  | mutation]
  2337 | D:3      | HP: 2/42 [poisoned by an orc]
  2339 | D:3      | Succumbed to an orc's poison

Vault maps used:
D:1:      evilmike_arrival_hilbert_curve
D:2:      chequers_temple_overflow_statue_of_worship,
          nicolae_overflow_crystal_walls, first_ration
D:3:      chequers_ecumenical_altar_simple_redux, uniq_sigmund, uniq_grinder

Skill      XL: |  1  2  3  4 |
---------------+-------------+-----
Conjurations   | 2 3 4 |  4.2
Spellcasting   | 4 |  4.3
Fire Magic     | 4 |  4.2
Dodging        | |  2.4
Stealth        | |  2.4

Action                   |  1- 3 |  4- 6 || total
-------------------------+-------+-------++-------
 Cast: Flame Tongue      |    58 |    58 ||   116
       Conjure Flame     |       |     1 ||     1
       Sticky Flame      |       |     1 ||     1
  Use: Potion            |       |     4 ||     4
  Eat: Chunk             |     1 |     3 ||     4
Armor: Robe              |     3 |     5 ||     8
Dodge: Dodged            |     5 |    13 ||    18

Table legend:
 A = Non-vault XP
 B = Vault XP
 C = Vault XP percentage of total XP
 D = Non-vault monster count
 E = Vault monster count
 F = Vault count percentage of total count
                 A         B        C        D         E       F
            +---------+---------+-------+---------+---------+-------
      Total |     235 |       0 |   0.0 |      69 |       0 |   0.0
            +---------+---------+-------+---------+---------+-------
        D:1 |      75 |       0 |   0.0 |      31 |       0 |   0.0
        D:2 |      39 |       0 |   0.0 |      16 |       0 |   0.0
        D:3 |     121 |       0 |   0.0 |      22 |       0 |   0.0
            +---------+---------+-------+---------+---------+-------
